AoeStats
← Bzurker

Arena

510173494Analyzed
4v4 RM · 2d ago on Sep 29, 2026· 66m 40s· 8 players
Game mode
Random Map
Map size
Large (8 player)
Population
200
Speed
Normal
Resources
Standard
Victory
Conquest
Starting age
Dark Age
Ending age
Imperial Age
RankedLock teamsTeams togetherTeam positionsShared explorationLock speedFull tech treeHidden civsTurbo modeCheats
Victory
Defeat
🇩🇪 Teutons · Germany
1039
+11
🇳🇱 Portuguese · Netherlands
977
+14
🇩🇪 Mongols · Germany
913
+17
🇨🇳 Hindustanis · China
849
+19
🇫🇷 Turks · France
1036
-19
🇳🇱 Armenians · Netherlands
963
-17
🇳🇱 Cumans · Netherlands
950
-16
🇫🇷 Goths · France
767
-9
francis le tueur
11:44 Feudal Age
14:27 Double-Bit Axe
14:25 Horse Collar
14:39 Gold Mining
17:04 Castle Age
21:10 Imperial Age
19:36 Padded Archer Armor
20:50 Leather Archer Armor
22:43 Ring Archer Armor
34:20 Gold Shaft Mining
33:59 Bow Saw
33:50 Heavy Plow
34:37 Wheelbarrow
40:04 Hand Cart
39:36 Town Watch
39:37 Loom
40:54 Two-Man Saw
40:43 Ballistics
40:34 Fortified Wall
42:12 Squires
42:04 Arson
42:35 Masonry
42:38 Forging
42:30 Scale Mail Armor
47:44 Caravan
53:15 Iron Casting
54:19 Chain Mail Armor
Pepernoot
10:55 Feudal Age
11:54 Double-Bit Axe
11:53 Horse Collar
17:26 Castle Age
15:29 Horse Collar
17:33 Capped Ram
19:28 Bow Saw
19:26 Heavy Plow
25:23 Wheelbarrow
26:47 Hand Cart
27:46 Loom
31:08 Gold Mining
31:30 Fletching
31:46 Scale Barding Armor
32:34 Ballistics
33:02 Gold Shaft Mining
36:18 Imperial Age
33:49 Bodkin Arrow
34:26 Stone Mining
34:59 Chain Barding Armor
34:57 Thumb Ring
35:30 Padded Archer Armor
35:50 Bloodlines
37:26 Conscription
36:26 Elite Kipchak
38:26 Chemistry
38:03 Plate Barding Armor
39:10 Two-Man Saw
38:42 Crop Rotation
39:28 Parthian Tactics
42:23 Padded Archer Armor
43:07 Elite Skirmisher
49:08 Pikeman
49:49 Squires
50:26 Halberdier
51:22 Forging
51:12 Scale Mail Armor
53:29 Iron Casting
53:09 Chain Mail Armor
53:10 Leather Archer Armor
54:11 Leather Archer Armor
55:45 Blast Furnace
58:26 Plate Mail Armor
58:28 Ring Archer Armor
Bzurker
4:45 Loom
11:23 Feudal Age
17:19 Castle Age
18:11 Man-at-Arms
18:48 Long Swordsman
23:45 Gambesons
25:59 Gold Mining
27:21 Scale Mail Armor
29:45 Wheelbarrow
29:00 Double-Bit Axe
33:41 Forging
33:25 Horse Collar
34:09 Bow Saw
35:39 Hand Cart
34:51 Two-Handed Swordsman
35:34 Squires
36:32 Heavy Plow
36:09 Pikeman
37:11 Chain Mail Armor
42:01 Imperial Age
39:54 Elite Skirmisher
40:03 Halberdier
41:18 Padded Archer Armor
41:12 Fletching
46:30 Gold Mining
51:28 Gold Shaft Mining
52:48 Conscription
58:34 Fereters
60:50 Iron Casting
61:10 Plate Mail Armor
63:44 Blast Furnace
63:16 Champion
63:43 Arson
Nounoursrz
11:33 Feudal Age
12:03 Feudal Age
13:20 Double-Bit Axe
13:19 Horse Collar
19:01 Castle Age
19:54 Bow Saw
19:48 Heavy Plow
22:03 Caravan
24:09 Stone Mining
24:10 Gold Mining
25:46 Squires
25:07 Pikeman
40:21 Anarchy
40:41 Scale Mail Armor
42:30 Forging
42:36 Chain Mail Armor
49:19 Imperial Age
47:26 Wheelbarrow
48:17 Iron Casting
48:49 Hand Cart
50:14 Halberdier
57:19 Conscription
57:02 Perfusion
59:13 Blast Furnace
63:13 Fletching
zirdan10
10:44 Feudal Age
14:40 Castle Age
16:45 Husbandry
17:39 Bloodlines
21:49 Scale Barding Armor
24:39 Forging
46:53 Elite Skirmisher
48:01 Fletching
48:37 Horse Collar
50:39 Double-Bit Axe
51:44 Heavy Plow
51:57 Bow Saw
52:18 Gold Mining
54:59 Ballistics
55:38 Padded Archer Armor
55:33 Bodkin Arrow
56:00 Chain Barding Armor
56:15 Iron Casting
56:28 Leather Archer Armor
61:17 Imperial Age
61:25 Scale Mail Armor
Axes and Bows
2:59 Loom
10:49 Feudal Age
11:41 Feudal Age
15:28 Castle Age
14:19 Double-Bit Axe
14:18 Horse Collar
16:25 Bow Saw
29:09 Fletching
30:22 Bow Saw
31:23 Wheelbarrow
36:03 Imperial Age
35:28 Ballistics
35:10 Bodkin Arrow
38:17 Conscription
38:33 Hoardings
39:48 Two-Man Saw
39:06 Onager
40:06 Hand Cart
39:37 Town Watch
40:37 Elite Skirmisher
41:54 Heavy Plow
42:59 Chemistry
43:30 Stone Mining
43:30 Gold Mining
43:57 Town Patrol
45:49 Crop Rotation
45:41 Masonry
45:36 Siege Engineers
45:47 Forging
45:37 Scale Mail Armor
47:02 Crenellations
48:23 Iron Casting
48:03 Chain Mail Armor
50:06 Stone Shaft Mining
53:34 Blast Furnace
53:04 Plate Mail Armor
55:19 Elite Teutonic Knight
56:22 Ironclad
55:37 Heavy Scorpion
55:42 Capped Ram
63:51 Gambesons
64:07 Squires
63:53 Arson
FlyingDutch
11:09 Feudal Age
15:41 Castle Age
14:07 Double-Bit Axe
14:27 Loom
17:41 Bow Saw
17:14 Horse Collar
18:56 Wheelbarrow
21:42 Pikeman
22:45 Heavy Plow
24:01 Forging
23:52 Scale Mail Armor
25:44 Gambesons
25:45 Arson
26:05 Town Watch
30:12 Bloodlines
30:11 Scale Barding Armor
31:58 Gold Mining
32:20 Husbandry
33:59 Iron Casting
35:27 Chain Barding Armor
35:56 Light Cavalry
39:57 Scale Mail Armor
39:48 Fletching
40:43 Stone Mining
48:21 Imperial Age
46:10 Chain Mail Armor
48:22 Cavalier
48:24 Capped Ram
53:45 Man-at-Arms
59:20 Long Swordsman
61:05 Blast Furnace
60:35 Plate Mail Armor
60:03 Two-Handed Swordsman
61:16 Champion
fjk
11:13 Feudal Age
12:31 Wheelbarrow
11:55 Double-Bit Axe
12:16 Horse Collar
18:37 Castle Age
16:34 Stone Mining
17:05 Gold Mining
19:47 Hand Cart
19:36 Heavy Plow
20:16 Bow Saw
21:33 Loom
30:51 Town Watch
33:43 Imperial Age
30:59 Town Watch
32:25 Gold Shaft Mining
32:17 Fletching
32:28 Padded Archer Armor
32:56 Thumb Ring
32:55 Grand Trunk Road
33:44 Bodkin Arrow
34:05 Leather Archer Armor
33:23 Elite Skirmisher
35:01 Conscription
36:03 Chemistry
35:10 Siege Engineers
36:07 Chemistry
35:51 Bracer
36:05 Husbandry
36:16 Bloodlines
35:27 Heavy Camel Rider
37:32 Masonry
37:35 Forging
37:31 Scale Barding Armor
39:45 Two-Man Saw
39:08 Chain Barding Armor
39:24 Iron Casting
40:58 Imperial Camel Rider
43:30 Plate Barding Armor
43:26 Ring Archer Armor
43:57 Blast Furnace
43:20 Caravan
44:20 Shatagni
48:21 Scale Mail Armor
60:02 Light Cavalry
62:10 Hussar
Connection lost

Rejoining the realm…

Still unreachable

The connection could not be restored.

Session expired

The server has moved on; the page needs a fresh start.